 Dungeon Crawl Stone Soup version 0.22.1-2-g9c5b331 (webtiles) character file.

20192 MalarOregon the Spear-Bearer (level 12, -15/145 HPs)
             Began as a Merfolk Berserker on Nov 20, 2018.
             Was a High Priest of Trog.
             Demolished by a profane servitor
             ... wielding a +1 whip of draining
              (17 damage)
             ... on level 3 of the Abyss.
             The game lasted 00:29:33 (15533 turns).

MalarOregon the Spear-Bearer (Merfolk Berserker)   Turns: 15533, Time: 00:29:34

Health: -15/145    AC: 13    Str: 34    XL:     12   Next: 76%
Magic:  17/17      EV: 10    Int:  6    God:    Trog [*****.]
Gold:   921        SH:  0    Dex: 19    Spells: 11/11 levels left

rFire    . . .     SeeInvis .   a - +2 trident
rCold    . . .     Gourm    .   (no shield)
rNeg     . . .     Faith    .   B - +0 chain mail "Pahaf" {*Slow Str+6 Dex+6}
rPois    +         Spirit   .   n - +1 helmet
rElec    .         Reflect  .   y - +1 cloak
rCorr    .         Harm     .   (no gloves)
MR       .....                  G - +0 pair of boots
Stlth    ..........             (no amulet)
HPRegen  0.34/turn              P - ring of poison resistance
MPRegen  0.15/turn              (no ring)

@: berserking (expiring), slowed, wreathed by umbra, extremely drained
A: change form in water, swift swim, stealthy swim
a: Berserk, Trog's Hand, Brothers in Arms, Renounce Religion


You were on level 3 of the Abyss.
You worshipped Trog.
Trog was extremely pleased with you.
You were very hungry.

You visited 2 branches of the dungeon, and saw 13 of its levels.
You visited the Abyss 1 time.
You also visited: Ossuary.

You collected 1121 gold pieces.
You spent 200 gold pieces at shops.

Inventory:

Hand Weapons
 a - a +2 trident (weapon)
   (You took it off a wight on level 8 of the Dungeon)
 b - a +2 blowgun
   (You found it on level 4 of the Dungeon)
Missiles
 i - 81 poisoned needles
 k - 5 silver tomahawks
 p - 11 needles of confusion
 r - 5 tomahawks of dispersal {!f}
 x - 2 poisoned tomahawks
 E - 7 tomahawks of returning (quivered)
 I - 4 javelins
 N - 9 tomahawks
 Q - 8 curare-tipped needles {!f}
Armour
 n - a +1 helmet (worn)
   (You took it off Robin on level 2 of the Dungeon)
 y - a +1 cloak (worn)
   (You found it on level 5 of the Dungeon)
 B - the +0 chain mail "Pahaf" (worn) {*Slow Str+6 Dex+6}
   (You found it on level 9 of the Dungeon)

   It affects your strength (+6).
   It affects your dexterity (+6).
   It may slow you when you take damage.
 G - a +0 pair of boots (worn)
   (You found it on level 6 of the Dungeon)
 J - the +3 leather armour "Toriesu" {rElec Str+6}
   (You found it on level 7 of the Dungeon)

   It affects your strength (+6).
   It insulates you from electricity.
 R - the +1 ring mail "Jowyuf" {Int+8, unknown}
   (You found it on level 12 of the Dungeon)

   It affects your intelligence (+8).
Jewellery
 q - an uncursed amulet of regeneration {unknown}
   (You found it on level 12 of the Dungeon)
 O - a +4 ring of protection {unknown}
   (You found it on level 12 of the Dungeon)
 P - a ring of poison resistance (left hand)
   (You found it on level 9 of the Dungeon)
Wands
 d - a wand of iceblast (5)
   (You found it on level 10 of the Dungeon)
 u - a wand of paralysis (37)
   (You found it on level 4 of the Dungeon)
 w - a wand of enslavement (30)
   (You found it on level 5 of the Dungeon)
Scrolls
 l - 5 scrolls of teleportation {@r4}
 m - 13 scrolls of remove curse {@r2}
 s - 2 scrolls of magic mapping
 C - a scroll of fog
 D - 4 scrolls of identify {@r1}
Potions
 c - 2 potions of invisibility
 f - 3 potions of might
 g - 2 potions of heal wounds {@q2}
 h - 4 potions of flight
 j - 7 potions of curing {@q1}
 o - 7 potions of lignification {!q}
 t - 3 potions of magic
 v - a potion of brilliance
 F - a potion of ambrosia
 H - 2 potions of agility
 K - 2 potions of mutation {unknown}
 L - 3 potions of degeneration {!q}
 M - 4 potions of haste {@q3}
Comestibles
 e - 26 rations {!d}
 z - 2 chunks of flesh


   Skills:
 + Level 10.0(0.9) Fighting
 - Level 14.0(4.0) Polearms
 + Level 7.7(0.0) Throwing
 + Level 6.8(0.0) Armour
 + Level 11.4(2.0) Dodging
 + Level 7.6(0.0) Evocations


You had 11 spell levels left.
You didn't know any spells.
Your spell library was empty.

Dungeon Overview and Level Annotations

Branches:
Dungeon (12/15)            Temple (1/1) D:6            Lair (0/6) D:9
    Orc (0/2) D:12

Altars:
Ashenzari
Cheibriados
Dithmenos
Elyvilon
Fedhas
Gozag
Hepliaklqana
Kikubaaqudgha
Makhleb
Nemelex Xobeh
Okawaru
Qazlal
Ru
Sif Muna
Trog
Uskayaw
Vehumet
Wu Jian
Xom
Yredelemnul
Zin
The Shining One

Shops:
D:6 *


Message History

The profane servitor hits you but does no damage.
You feel drained.
You completely miss the profane servitor.
Your ogre closely misses the profane servitor.
The profane servitor hits you but does no damage.
You feel drained.
The profane servitor hits you with a whip of draining.
* * * LOW HITPOINT WARNING * * *
You feel drained.
* * * LOW HITPOINT WARNING * * *
The profane servitor hits you with a whip of draining.
* * * LOW HITPOINT WARNING * * *
The profane servitor draws strength from your injuries!
You feel drained.
* * * LOW HITPOINT WARNING * * *
The profane servitor closely misses you.
Unknown command.
You closely miss the profane servitor.
Your ogre completely misses the profane servitor.
The profane servitor hits you but does no damage.
You feel drained. The profane servitor misses you.
Unknown command.
You miss the profane servitor. Your ogre misses the profane servitor.
The profane servitor hits you but does no damage.
You feel drained.
The profane servitor hits you but does no damage.
You feel drained.
Your ogre barely misses the profane servitor.
The profane servitor hits you with a whip of draining!
* * * LOW HITPOINT WARNING * * *
The profane servitor draws strength from your injuries!
You feel drained.
* * * LOW HITPOINT WARNING * * *
The profane servitor hits you with a whip of draining.
* * * LOW HITPOINT WARNING * * *
You feel as though you will be slow longer.
You feel drained. x2
Unknown command.
You miss the profane servitor.
The profane servitor hits you with a whip of draining!
* * * LOW HITPOINT WARNING * * *
The profane servitor draws strength from your injuries!
You feel drained.
* * * LOW HITPOINT WARNING * * *
The profane servitor misses you.
Your ogre closely misses the profane servitor.
Unknown command.
Unknown command.
The profane servitor hits you with a whip of draining!
You die...

# . ## #...
.# # .#.##
#.# . .......
. # #.#...#
.## # #.....
. .#..... .#
.......###รท#
#...OA@..#
#..#######
##. . . # # #


You could see a profane servitor and a friendly ogre (berserk).

Vanquished Creatures
  The ghost of smtktc the Spear-Bearer, a journeyman HOFi of Gozag (D:11)
  2 two-headed ogres (D:11)
  The ghost of Bwemp the Fighter, a novice DsFE of Sif Muna (D:11)
  4 unseen horrors
  2 ugly things
  A deep elf mage (D:12)
  A worldbinder (Abyss:3)
  3 centaur skeletons
  3 trolls
  2 hornets
  2 raiju (Abyss:3)
  2 hippogriffs
  Sigmund (D:4)
  9 yaks
  A wyvern (D:10)
  A shadow (D:12)
  A wraith (D:11)
  A basilisk (D:11)
  4 hungry ghosts (D:10)
  2 water moccasins
  A phantom (D:5)
  6 sky beasts
  4 orc warriors
  3 ice beasts
  A necrophage (D:7)
  4 ogres
  3 crocodiles
  7 centaurs
  3 big kobolds
  4 bullfrogs
  A wyvern zombie (D:6)
  A water moccasin zombie (D:8)
  6 scorpions
  16 killer bees
  4 wights (D:8)
  5 howler monkeys
  4 centaur zombies
  4 crimson imps
  7 orc priests
  A bullfrog zombie (D:12)
  A bullfrog skeleton (D:10)
  5 hounds
  3 jellies
  4 orc wizards
  11 worker ants
  3 iguanas
  A hound zombie (D:10)
  2 hound skeletons
  8 mummies (Ossuary)
  Robin (D:2)
  4 worker ant zombies
  3 gnolls (D:5)
  13 adders
  3 shadow imps
  An ooze (D:7)
  4 adder zombies
  2 adder skeletons
  4 worms
  5 dart slugs
  12 leopard geckos
  39 orcs
  11 bats
  4 giant cockroaches
  A gnoll zombie (Ossuary)
  17 goblins
  17 hobgoblins
  22 jackals
  17 kobolds
  5 quokkas
  A ball python (D:3)
  A ball python skeleton (D:5)
  A frilled lizard (D:2)
  5 hobgoblin zombies (Ossuary)
  A kobold zombie (Ossuary)
  3 leopard gecko skeletons
  An orc zombie (Ossuary)
  A quokka skeleton (D:7)
  11 rats
377 creatures vanquished.

Vanquished Creatures (collateral kills)
  A revenant (Abyss:3)
  A sixfirhy (Abyss:3)
  An anaconda skeleton (Abyss:3)
  A gargoyle (D:10)
  A raiju (Abyss:3)
5 creatures vanquished.

Vanquished Creatures (others)
  An ogre (D:12)
  A hound (D:8)
  A shadow imp (D:8)
  4 withered plants (D:11)
7 creatures vanquished.

Grand Total: 389 creatures vanquished

Notes
Turn   | Place    | Note
-------+----------+-------------------------------------------
     0 | D:1      | MalarOregon the Merfolk Berserker began the quest for the
                  | Orb.
     0 | D:1      | Reached XP level 1. HP: 18/18 MP: 1/1
    76 | D:1      | Reached XP level 2. HP: 24/24 MP: 2/2
   146 | D:1      | Reached skill level 5 in Polearms
   403 | D:1      | Reached XP level 3. HP: 29/29 MP: 3/3
  1021 | D:2      | Reached ** piety under Trog
  1285 | D:2      | Found a shattered altar of Ashenzari.
  1347 | D:2      | Reached XP level 4. HP: 35/37 MP: 4/4
  1420 | D:2      | Noticed Robin
  1444 | D:2      | Killed Robin
  1738 | D:2      | Reached skill level 6 in Polearms
  1911 | D:2      | Reached XP level 5. HP: 34/42 MP: 5/5
  2432 | D:3      | Reached *** piety under Trog
  2750 | D:3      | Found a glowing silver altar of Zin.
  2750 | D:3      | Found a shadowy altar of Dithmenos.
  3331 | D:4      | Reached XP level 6. HP: 49/49 MP: 6/6
  3356 | D:4      | Found a shattered altar of Ashenzari.
  3580 | D:4      | Reached skill level 7 in Polearms
  3853 | D:4      | Reached **** piety under Trog
  3986 | D:4      | Noticed Sigmund
  4010 | D:4      | Killed Sigmund
  4010 | D:4      | Reached skill level 8 in Polearms
  4010 | D:4      | Reached skill level 5 in Dodging
  4010 | D:4      | Reached XP level 7. HP: 55/55 MP: 7/7
  4517 | D:5      | Entered Level 5 of the Dungeon
  4527 | D:5      | Reached skill level 5 in Fighting
  5151 | D:5      | Received a gift from Trog
  5170 | D:5      | Reached skill level 9 in Polearms
  5179 | D:5      | Reached XP level 8. HP: 34/63 MP: 8/8
  5524 | D:6      | Reached skill level 1 in Throwing
  5528 | D:6      | Found a hide-covered altar of Uskayaw.
  5732 | D:6      | Reached skill level 1 in Evocations
  6007 | D:6      | Found Eggin's Assorted Antiques.
  6103 | D:6      | Reached skill level 10 in Polearms
  6166 | D:6      | Bought a scroll of teleportation for 87 gold pieces
  6166 | D:6      | Bought a scroll of remove curse for 87 gold pieces
  6166 | D:6      | Bought a yellow potion for 26 gold pieces
  6311 | D:6      | Found a staircase to the Ecumenical Temple.
  6334 | D:6      | Found a hazy altar of Hepliaklqana.
  6469 | Temple   | Entered the Ecumenical Temple
  6730 | D:7      | Reached XP level 9. HP: 69/69 MP: 10/10
  6912 | D:7      | Found a deep blue altar of Sif Muna.
  7469 | D:7      | Got a translucent leather armour
  7628 | D:8      | Noticed a hornet
  7650 | D:8      | Killed a hornet
  7650 | D:8      | Reached skill level 11 in Polearms
  7710 | D:8      | Found a sand-covered staircase.
  7716 | Ossuary  | Entered an ossuary
  7959 | Ossuary  | Received a gift from Trog
  8452 | D:8      | Reached XP level 10. HP: 77/77 MP: 12/12
  8506 | D:8      | Reached skill level 12 in Polearms
  9344 | D:9      | Got a crude chain mail
  9490 | D:9      | Found a staircase to the Lair.
 10145 | D:10     | Entered Level 10 of the Dungeon
 10156 | D:10     | Identified the +3 leather armour "Toriesu" {rElec Str+6}
                  | (You found it on level 7 of the Dungeon)
 10166 | D:10     | Identified the +0 chain mail "Pahaf" {*Slow Str+6 Dex+6}
                  | (You found it on level 9 of the Dungeon)
 10309 | D:10     | Killed an unseen horror
 10413 | D:10     | Reached skill level 5 in Armour
 10467 | D:10     | Reached skill level 13 in Polearms
 10490 | D:10     | Reached skill level 5 in Throwing
 10663 | D:10     | Noticed a gargoyle
 10679 | D:10     | Killed a gargoyle
 11140 | D:10     | Reached XP level 11. HP: 83/86 MP: 14/14
 11155 | D:10     | Reached skill level 5 in Evocations
 11272 | D:10     | Killed an unseen horror
 11505 | D:10     | Reached ***** piety under Trog
 11555 | D:10     | Killed an unseen horror
 11752 | D:10     | Received a gift from Trog
 11760 | D:10     | Reached skill level 14 in Polearms
 12781 | D:11     | Reached skill level 10 in Dodging
 12889 | D:11     | Found a runed gate.
 12889 | D:11     | Found a runed gate.
 12889 | D:11     | Found a runed gate.
 12889 | D:11     | Noticed smtktc's ghost (journeyman HOFi)
 12890 | D:11     | Noticed Bwemp's ghost (novice DsFE)
 13202 | D:11     | Noticed a two-headed ogre
 13212 | D:11     | Killed a two-headed ogre
 13729 | D:11     | Killed smtktc's ghost
 13729 | D:11     | Reached XP level 12. HP: 95/95 MP: 16/16
 13743 | D:11     | Killed Bwemp's ghost
 13791 | D:12     | Noticed a two-headed ogre
 13924 | D:11     | Killed a two-headed ogre
 14557 | D:12     | Found a staircase to the Orcish Mines.
 14967 | D:12     | Got a crude ring mail
 15126 | D:12     | Found a staircase to the Orcish Mines.
 15343 | D:12     | Cast into level 3 of the Abyss (a distortion unwield)
 15347 | Abyss:3  | Found a corrupted altar of Lugonu.
 15394 | Abyss:3  | Noticed a revenant
 15403 | Abyss:3  | Killed a revenant
 15413 | Abyss:3  | HP: 2/97 [raiju/living lightning (18)]
 15419 | Abyss:3  | Reached skill level 10 in Fighting
 15516 | Abyss:3  | Noticed a profane servitor
 15532 | Abyss:3  | HP: 5/145 [profane servitor/whip of draining (9)]
 15532 | Abyss:3  | HP: 2/145 [profane servitor/whip of draining (3)]
 15533 | Abyss:3  | Demolished by a profane servitor

Skill      XL: |  1  2  3  4  5  6  7  8  9 10 11 12 |
---------------+-------------------------------------+-----
Dodging        | 3 4 5 6 7 8 10 11 | 11.4
Polearms       | 5 6 8 9 10 11 13 14 | 14.0
Armour         | 2 3 4 5 6 |  6.8
Fighting       | 4 5 6 7 9 10 | 10.0
Throwing       | 2 3 5 6 7 |  7.7
Evocations     | 2 3 4 6 7 |  7.6

Action                   |  1- 3 |  4- 6 |  7- 9 | 10-12 || total
-------------------------+-------+-------+-------+-------++-------
Melee: Spear             |   135 |   371 |   806 |    64 ||  1376
       Trident           |       |       |       |   715 ||   715
       Tailslap          |       |       |       |     2 ||     2
Throw: Tomahawk          |       |       |    12 |    10 ||    22
Invok: Berserk           |     2 |     4 |     6 |     6 ||    18
       Trog's Hand       |       |     2 |     6 |     5 ||    13
       Brothers in Arms  |       |       |       |     3 ||     3
Evoke: Wand              |       |       |     7 |     7 ||    14
  Use: Scroll            |     1 |    13 |     2 |    18 ||    34
       Potion            |       |       |       |     7 ||     7
 Stab: Sleeping          |     1 |       |       |       ||     1
       Paralysed         |       |       |     8 |       ||     8
  Eat: Chunk             |     3 |    12 |    16 |    29 ||    60
       Ration            |       |       |     2 |     2 ||     4
Armor: Animal skin       |    14 |       |       |       ||    14
       Ring mail         |    14 |    58 |       |       ||    72
       Plate armour      |       |    64 |   399 |   138 ||   601
       Chain mail        |       |       |       |   207 ||   207
Dodge: Dodged            |    70 |   138 |   338 |   484 ||  1030
